[Event "Snabb-SM för veteraner, 50+ 2019"]
[Site "Schackcentrum, Vegagatan 20, Gothenburg, Sweden"]
[Date "2019.10.06"]
[Round "7.8"]
[White "Hautajarvi, Jukka"]
[Black "Kirppo, Ronny"]
[Result "1/2-1/2"]
[TimeControl "15 minutes + 10 seconds per move from move one"]
[WhiteFideId "1716190"]
[BlackFideId "1724681"]
[WhiteElo "2145"]
[BlackElo "1877"]

1. b3 Nf6 2. Bb2 g6 3. Nf3 Bg7 4. c4 d6 5. g3 O-O 6. Bg2 e5 7. d3 c6 8. O-O Bg4 9. h3 Bxf3 10.
Bxf3 Nbd7 11. Nd2 Re8 12. Qc2 Nf8 13. e3 Ne6 14. Bg2 Qd7 15. Rad1 Nc7 16. Nf3 Rad8 17. Bc3 Qe7 18. Qb2 Nd7 19.
Qc1 d5 20. cxd5 Nxd5 21. Bb2 Nc5 22. Ba3 Bf8 23. d4 exd4 24. exd4 Nxb3 25. Bxe7 Nxc1 26. Bxd8 Ne2+ 27. Kh2 Rxd8 28.
Rb1 b6 29. a4 Ndc3 30. Ra1 Nxd4 31. Nxd4 Rxd4 32. Bxc6 a5 33. Kg2 Bc5 34. Rfc1 Ne4 35. Rc2 Nd6 36. Rac1 Kg7 37. h4 h5 38. f3 f6 39. Kh3 g5 40.
hxg5 fxg5 41. Rxc5 bxc5 42. Rxc5 g4+ 43.
fxg4 hxg4+ 44. Kg2 Rd2+ 45. Kf1 Kf6 46.
Rxa5 Nf5 47. Ke1 Rb2 48. Bd7 Nxg3 49. Bxg4 Ra2 50. Kd1 Ne4 51. Rf5+ Kg6 52. Rf4 Nc3+ 53. Kc1 Rxa4 54. Rxa4 Nxa4 1/2-1/2

[Event "Snabb-SM för veteraner, 50+ 2019"]
[Site "Schackcentrum, Vegagatan 20, Gothenburg, Sweden"]
[Date "2019.10.06"]
[Round "7.9"]
[White "Sigeman, Johan"]
[Black "Ansner, Bjorn"]
[Result "1-0"]
[TimeControl "15 minutes + 10 seconds per move from move one"]
[WhiteFideId "1705601"]
[BlackFideId "1702769"]
[WhiteElo "2100"]
[BlackElo "1934"]

1. c4 Nf6 2. Nc3 d5 3. cxd5 Nxd5 4. d4 g6 5. Nf3 Bg7 6. e4 Nb6 7. h3 O-O 8. Be2 Nc6 9. Be3 Na5 10.
O-O Nac4 11. Bc1 c6 12. b3 Nd6 13. Bb2 a5 14. a4 f5 15. e5 Nf7 16. Qc2 Be6 17. Rfd1 Bh6 18. Bc1 Bxc1 19.
Raxc1 Nd5 20. Nxd5 Bxd5 21. Ne1 Qb6 22. Bc4 Rad8 23. Qc3 Ng5 24. Nc2 Ne4 25. Qe3 f4 26. Qxe4 1-0

[Event "Snabb-SM för veteraner, 50+ 2019"]
[Site "Schackcentrum, Vegagatan 20, Gothenburg, Sweden"]
[Date "2019.10.06"]
[Round "7.10"]
[White "Frisk, Hans"]
[Black "Andersson, Christer"]
[Result "1/2-1/2"]
[TimeControl "15 minutes + 10 seconds per move from move one"]
[WhiteFideId "1708570"]
[BlackFideId "1734857"]
[WhiteElo "1948"]
[BlackElo "1678"]

1. Nf3 Nf6 2. c4 e6 3. g3 d5 4. Bg2 dxc4 5. O-O a6 6. a4 Nbd7 7. Qc2 Rb8 8. Qxc4 b5 9. axb5 axb5 10.
Qc2 Bb7 11. Na3 Bxa3 12. Rxa3 c5 13. d3 Rc8 14. Bf4 Qb6 15. Rfa1 O-O 16. h3 Rfe8 17. Ne5 Nxe5 18. Bxe5 Nd5 19.
Qd2 f6 20. Bf4 Ra8 21. Rxa8 Rxa8 22. Rxa8+ Bxa8 23. Bxd5 Bxd5 24. e4 Bb7 25. Be3 Qc7 26.
Qc3 c4 27. b3 Qc6 28. bxc4 bxc4 29. Qxc4 Qxc4 30. dxc4 Bxe4 1/2-1/2

[Event "Snabb-SM för veteraner, 50+ 2019"]
[Site "Schackcentrum, Vegagatan 20, Gothenburg, Sweden"]
[Date "2019.10.06"]
[Round "7.11"]
[White "Andersson, Kjell-Ake"]
[Black "Jacobsson, Lennart"]
[Result "1-0"]
[TimeControl "15 minutes + 10 seconds per move from move one"]
[WhiteFideId "1713825"]
[BlackFideId "1753320"]
[WhiteElo "1854"]
[BlackElo "1833"]

1. d4 Nf6 2. c4 c5 3. Nf3 cxd4 4. Nxd4 e5 5. Nb5 Bc5 6. Nd6+ Ke7 7. Nf5+ Kf8 8. e3 d5 9. Ng3 Be6 10.
Be2 Nc6 11. cxd5 Bxd5 12. O-O Qe7 13. Nc3 Be6 14. a3 g6 15. b4 Bb6 16. Bb2 Kg7 17. Na4 Rad8 18. Qc2 Bc7 19. Rac1 Bb8 20.
f4 exf4 21. Ne4 Bf5 22. Bxf6+ Qxf6 23. Nxf6 Bxc2 24. Rxc2 Kxf6 25. Nc5 Kg7 26. Nxb7 Rc8 27. exf4 Nd4 28. Rb2 Rhe8 29. Ba6 Rc3 30. a4 Ne2+ 31.
Bxe2 Rce3 32. Bb5 R3e4 33. Bxe8 Rxe8 34. Nc5 1-0

[Event "Snabb-SM för veteraner, 50+ 2019"]
[Site "Schackcentrum, Vegagatan 20, Gothenburg, Sweden"]
[Date "2019.10.06"]
[Round "8.1"]
[White "Andersson, Johan"]
[Black "Svenn, Gosta"]
[Result "0-1"]
[TimeControl "15 minutes + 10 seconds per move from move one"]
[BlackTitle "FM"]
[WhiteFideId "1703935"]
[BlackFideId "1700553"]
[WhiteElo "2152"]
[BlackElo "2272"]

1. e4 c5 2. Nf3 e6 3. g3 Nc6 4. Bg2 Nf6 5. Qe2 d6 6. O-O Be7 7. c3 e5 8. Rd1 O-O 9. d4 cxd4 10.
cxd4 Bg4 11. dxe5 Nxe5 12. Bf4 Qb6 13. Nc3 Rfe8 14. b3 Rac8 15. Rac1 Qa5 16. Bd2 Qa3 17. Rc2 d5 18. Rdc1 dxe4 19.
Nxe4 Rxc2 20. Rxc2 Nd5 21. h3 Bh5 22. g4 Nxf3+ 23. Qxf3 Bg6 24. Rc4 Qb2 25. Bc1 Qxa2 26. Nc5 b5 27.
Qxd5 bxc4 28. Qd7 f6 29. Bd5+ Kh8 30. Ne6 Qb1 31. Nc7 Qxc1+ 32. Kg2 Rb8 33. Qxe7 Qc2 34. bxc4 h6 35. Ne6 Be4+ 36. Kg3 Rb3+ 37. Kf4 g5+ 38. Nxg5 hxg5# 0-1

[Event "Snabb-SM för veteraner, 50+ 2019"]
[Site "Schackcentrum, Vegagatan 20, Gothenburg, Sweden"]
[Date "2019.10.06"]
[Round "8.2"]
[White "Naslund, Mikael"]
[Black "Angskog, Kent"]
[Result "0-1"]
[TimeControl "15 minutes + 10 seconds per move from move one"]
[WhiteTitle "FM"]
[WhiteFideId "1708260"]
[BlackFideId "1703668"]
[WhiteElo "2076"]
[BlackElo "2136"]

1. d4 d6 2. Nf3 Nf6 3. c4 Bg4 4. e3 Nc6 5. d5 Ne5 6. Be2 Bxf3 7. Bxf3 g6 8. Be2 Bg7 9. Nc3 O-O 10.
O-O c6 11. f4 Ned7 12. Kh1 cxd5 13. cxd5 Rc8 14. e4 Rxc3 15. bxc3 Nxe4 16. Bf3 Nxc3 17. Qe1 b5 18. Bd2 b4 19.
a3 Nb5 20. axb4 Bxa1 21. Qxa1 Qb6 22. Re1 Re8 23. Be3 Qb7 24. f5 Ne5 25. Bh6 f6 26. fxg6 Nxf3 27. gxh7+ Kxh7 28. Qb1+ Kxh6 29.
gxf3 Qxd5 30. Qc1+ Qg5 31. f4 Qd5+ 0-1

[Event "Snabb-SM för veteraner, 50+ 2019"]
[Site "Schackcentrum, Vegagatan 20, Gothenburg, Sweden"]
[Date "2019.10.06"]
[Round "8.3"]
[White "Holst, Conny"]
[Black "Svensson, Sven"]
[Result "1-0"]
[TimeControl "15 minutes + 10 seconds per move from move one"]
[WhiteFideId "1701428"]
[BlackFideId "1709240"]
[WhiteElo "2166"]
[BlackElo "2158"]

1. d4 Nf6 2. c4 e6 3. Nc3 Bb4 4. e3 c5 5. Bd3 O-O 6. Nge2 d5 7. cxd5 cxd4 8. exd4 Nxd5 9. O-O Nxc3 10.
bxc3 Bd6 11. f4 Nc6 12. Ng3 Qh4 13. Ne4 Qe7 14. Rb1 b6 15. Rf3 f5 16. Nxd6 Qxd6 17. Qe2 Bb7 18. Ba6 Nxd4 19.
cxd4 Bxf3 20. Qxf3 Qxd4+ 21. Be3 Qa4 22. Qe2 Rfd8 23. Bc4 Kh8 24. h3 Rac8 25. Bb3 Qe4 26. Re1 h6 27. Bf2 Qxf4 28.
Qxe6 Rc1 29. Rxc1 Qxc1+ 30. Kh2 Qc7+ 31. Kh1 Qc1+ 32. Qe1 Qc6 33. Qe5 Qc1+ 34. Kh2 Qg5 35. Be3 Qg6 36. Bf4 Re8 37.
Qc7 Re2 38. Bd5 a5 39. Be5 1-0

[Event "Snabb-SM för veteraner, 50+ 2019"]
[Site "Schackcentrum, Vegagatan 20, Gothenburg, Sweden"]
[Date "2019.10.06"]
[Round "8.4"]
[White "Borvander, Tom"]
[Black "Eriksson, Kristian"]
[Result "1/2-1/2"]
[TimeControl "15 minutes + 10 seconds per move from move one"]
[WhiteFideId "1707388"]
[BlackFideId "1705172"]
[WhiteElo "2066"]
[BlackElo "2025"]

1. d4 Nf6 2. c4 e6 3. g3 Bb4+ 4. Bd2 Qe7 5. Nf3 O-O 6. Nc3 d5 7. Bg2 Nc6 8. cxd5 exd5 9. O-O Bg4 10.
Bg5 Bxc3 11. bxc3 Rfd8 12. Re1 h6 13. Bf4 Bf5 14. Ne5 Nxe5 15. Bxe5 c6 16. Qb3 Ne4 17. Bf4 Nd6 18. f3 Nc4 19.
e4 Be6 20. Rab1 Rd7 21. Bf1 Nb6 22. Qc2 g5 23. Bc1 Qf6 24. Be2 Qg6 25. Bd3 Qf6 26. Kg2 dxe4 27. fxe4 Bc4 28. Rf1 Qe6 29.
Qe2 Bxd3 30. Qxd3 Qxa2+ 31. Rf2 Qc4 32. Qf3 Re8 33. h4 Qe6 34. hxg5 hxg5 35. e5 g4 36. Qd3 Qxe5 37. Bf4 Qe4+ 38.
Qxe4 Rxe4 39. Ra1 a6 40. Rb2 Nd5 41. Rab1 Nxc3 42. Rxb7 Rdxd4 43. Rb8+ Kg7 44. Rf1 Re2+ 45. Kg1 Re7 46.
Bg5 Red7 47. Bf6+ Kg6 48. Bxd4 Rxd4 49. Rg8+ Kh7 50. Rc8 Ne2+ 51. Kf2 Rd2 52. Ke3 Ra2 53. Rxf7+ Kg6 54. Rfc7 Nxg3 55. Rxc6+ Kg5 56. Rg8+ Kf5 57.
Rc5+ Ke6 58. Rxg4 Nf5+ 59. Kd3 Ra3+ 60. Ke2 Ra2+ 61. Ke1 Ra1+ 62. Kd2 Ra2+ 63. Kc1 Rf2 64. Rg6+ Kf7 65. Rxa6 Ne7 66.
Rh5 Re2 67. Kd1 Re4 68. Rh7+ 1/2-1/2

[Event "Snabb-SM för veteraner, 50+ 2019"]
[Site "Schackcentrum, Vegagatan 20, Gothenburg, Sweden"]
[Date "2019.10.06"]
[Round "8.5"]
[White "Svenn, Matti"]
[Black "Wesslen, Ulf"]
[Result "1-0"]
[TimeControl "15 minutes + 10 seconds per move from move one"]
[WhiteFideId "1705091"]
[BlackFideId "1705199"]
[WhiteElo "2195"]
[BlackElo "1971"]

1. e4 c5 2. Nf3 e6 3. d3 Nc6 4. g3 Nf6 5. Bg2 d5 6. Nbd2 Be7 7. O-O O-O 8. Re1 b5 9. e5 Nd7 10.
Nf1 Bb7 11. h4 Qc7 12. Bf4 Nb6 13. N1h2 d4 14. Ng5 Nb4 15. Qh5 Bxg5 16. hxg5 Nxc2 17. Ng4 Rfe8 18. Nf6+ Kf8 19. Qxh7 Nxe1 20.
Rxe1 Ke7 21. Nxe8 Rxe8 22. Qxg7 Bxg2 23. Kxg2 Nd5 24. g6 Rf8 25. Bg5+ Ke8 26. Bh6 Qe7 27. Qxf8+ Qxf8 28. Bxf8 Kxf8 29. Rc1 1-0

[Event "Snabb-SM för veteraner, 50+ 2019"]
[Site "Schackcentrum, Vegagatan 20, Gothenburg, Sweden"]
[Date "2019.10.06"]
[Round "8.6"]
[White "Gamback, Bjorn"]
[Black "Sigeman, Johan"]
[Result "1/2-1/2"]
[TimeControl "15 minutes + 10 seconds per move from move one"]
[WhiteTitle "CM"]
[WhiteFideId "1703161"]
[BlackFideId "1705601"]
[WhiteElo "2120"]
[BlackElo "2100"]

1. e4 e5 2. Nf3 Nc6 3.
Bc4 Nf6 4. d4 exd4 5. e5 d5 6. Bb5 Nd7 7. O-O Be7 8. Bxc6 bxc6 9. Nxd4 Nb8 10. Re1 c5 11. Nb5 O-O 12. Bf4 a6 13. N5c3 Bb7 14. Nd2 Nd7 15. Qg4 Kh8 16.
Rad1 Nb6 17. Qg3 g5 18. Be3 d4 19. Nb3 Qc8 20. Nxd4 cxd4 21. Bxd4 Qe6 22. Ne4 Bxe4 23. Rxe4 Rad8 24. Rde1 c5 25. Bc3 Nd5 26.
Bd2 Rg8 27. a3 Nc7 28. Ba5 Rd7 29. c4 Ne8 30. Bc3 Ng7 31. Qe3 Nf5 32. Qc1 Rgd8 33. Ba5 Rg8 34. Bc3 Rgd8 35. Ba5 Rg8 36. Bc3 1/2-1/2

[Event "Snabb-SM för veteraner, 50+ 2019"]
[Site "Schackcentrum, Vegagatan 20, Gothenburg, Sweden"]
[Date "2019.10.06"]
[Round "8.7"]
[White "Andreasson, Ingvar"]
[Black "Frisk, Hans"]
[Result "1-0"]
[TimeControl "15 minutes + 10 seconds per move from move one"]
[WhiteFideId "1700294"]
[BlackFideId "1708570"]
[WhiteElo "2413"]
[BlackElo "1948"]

1. Nf3 Nf6 2. c4 e6 3. e3 d5 4. b3 Be7 5. Bb2 O-O 6. Nc3 c5 7. cxd5 Nxd5 8. Rc1 b6 9. Nxd5 Qxd5 10.
Bc4 Qd8 11. O-O Bb7 12. d4 cxd4 13. Nxd4 Bf6 14. Qe2 Nd7 15. Ba3 Be7 16. Bb2 Bf6 17. Rfd1 Qe7 18. Bb5 Rac8 19. Nxe6 Rxc1 20. Bxc1 Qxe6 21. Bxd7 Qe4 22.
f3 Qh4 23. Bb5 Be5 24. f4 Bb8 25. Qd2 Qg4 26. Bf1 h5 27. Bb2 h4 28. h3 Qg3 29. Qf2 Be4 30. Qxg3 hxg3 31. Rd4 f5 32.
Rd7 Rf7 33. Bc4 Rf8 1-0

[Event "Snabb-SM för veteraner, 50+ 2019"]
[Site "Schackcentrum, Vegagatan 20, Gothenburg, Sweden"]
[Date "2019.10.06"]
[Round "8.8"]
[White "Andersson, Christer"]
[Black "Hautajarvi, Jukka"]
[Result "0-1"]
[TimeControl "15 minutes + 10 seconds per move from move one"]
[WhiteFideId "1734857"]
[BlackFideId "1716190"]
[WhiteElo "1678"]
[BlackElo "2145"]

1. Nf3 Nf6 2. d4 d5 3. Bf4 c5 4. e3 Nc6 5. c3 Qb6 6.
Qc1 Bf5 7. dxc5 Qxc5 8. Nbd2 e6 9. Nb3 Qb6 10. Be2 Be7 11. O-O O-O 12. Nh4 Be4 13. f3 Bg6 14. Nxg6 hxg6 15. Kh1 e5 16.
Bg3 a5 17. Bf2 Qc7 18. Nd2 Bc5 19. f4 Qb6 20. Nb3 e4 21. Nd4 Nxd4 22. exd4 Bd6 23. Bh4 Nh7 24. f5 Qc7 25. Qe3 Qd7 26.
f6 b5 27. Rf2 Nxf6 28. Rxf6 gxf6 29. Qh6 Be7 30. Rf1 f5 31. Bg3 Bf6 32. Bg4 Bg7 33. Qh4 fxg4 34. Rf4 f5 35. Qg5 Ra6 0-1

[Event "Snabb-SM för veteraner, 50+ 2019"]
[Site "Schackcentrum, Vegagatan 20, Gothenburg, Sweden"]
[Date "2019.10.06"]
[Round "8.9"]
[White "Bergre, Joachim"]
[Black "Andersson, Kjell-Ake"]
[Result "1-0"]
[TimeControl "15 minutes + 10 seconds per move from move one"]
[WhiteFideId "1704893"]
[BlackFideId "1713825"]
[WhiteElo "2035"]
[BlackElo "1854"]

1. Nf3 Nf6 2. c4 g6 3. b3 Bg7 4. Bb2 O-O 5. g3 d6 6. d4 c5 7. Bg2 Nc6 8. O-O cxd4 9. Nxd4 Nxd4 10. Qxd4 Nh5 11. Qd2 Bxb2 12.
Qxb2 Rb8 13. Nc3 a6 14. Rad1 Qe8 15. Nd5 b5 16. cxb5 axb5 17. Qd4 Bb7 18. e4 Ng7 19. Rc1 Bxd5 20.
Qxd5 Ra8 21. Rc2 Ra7 22. e5 dxe5 23. Qxe5 Nf5 24. Rfc1 Nd6 25. Qd4 Qb8 26. a4 Nf5 27. Qe4 Rd8 28.
axb5 Qxb5 29. Qc4 Qb6 30. b4 Rd4 31. Qc8+ Kg7 32. Rb1 Rxb4 33. Qc3+ Nd4 34. Rxb4 Qxb4 35. Qxb4 1-0

[Event "Snabb-SM för veteraner, 50+ 2019"]
[Site "Schackcentrum, Vegagatan 20, Gothenburg, Sweden"]
[Date "2019.10.06"]
[Round "8.10"]
[White "Kirppo, Ronny"]
[Black "Skulason, Johann"]
[Result "0-1"]
[TimeControl "15 minutes + 10 seconds per move from move one"]
[WhiteFideId "1724681"]
[BlackFideId "1733915"]
[WhiteElo "1877"]
[BlackElo "1839"]

1. d4 f5 2. c4 Nf6 3. Nc3 e6 4. Nf3 Be7 5. g3 O-O 6. Bg2 c6 7. d5 d6 8. dxe6 Bxe6 9. Qd3 Nbd7 10. b3 Nc5 11. Qc2 Qc7 12. O-O Rad8 13.
Nd4 Nfe4 14. Nxe4 fxe4 15. Nxe6 Nxe6 16. Qxe4 Nc5 17. Qc2 Bf6 18. Bb2 Rde8 19. Rad1 Bxb2 20. Qxb2 Rf6 21. Qc2 Ref8 22. e3 Ne6 23. h4 g5 24.
hxg5 Nxg5 25. Rd4 Qf7 26. Qe2 Qg6 27. Qd3 Qh6 28. Rh4 Qg7 29. Be4 h6 30. Bg2 Nf3+ 31. Bxf3 Rxf3 32. Qxd6 R8f6 33.
Qe5 Rxg3+ 34. Qxg3 Rg6 35. Rh3 Kh7 0-1

[Event "Snabb-SM för veteraner, 50+ 2019"]
[Site "Schackcentrum, Vegagatan 20, Gothenburg, Sweden"]
[Date "2019.10.06"]
[Round "8.11"]
[White "Karlsson, Ulf"]
[Black "Torell, Torsten"]
[Result "1-0"]
[TimeControl "15 minutes + 10 seconds per move from move one"]
[WhiteFideId "1721674"]
[BlackFideId "1723839"]
[WhiteElo "2035"]
[BlackElo "1708"]

1. e4 c5 2. Nc3 Nc6 3. g3 g6 4. Bg2 Bg7 5. d3 d6 6. f4 e6 7. Nf3 Nge7 8. O-O O-O 9. Be3 Nd4 10.
e5 Nec6 11. exd6 Qxd6 12. Ne4 Qe7 13. c3 Nxf3+ 14. Qxf3 f5 15. Nxc5 Qd6 16. Rad1 Rb8 17. Nb3 Qc7 18. Rfe1 Bd7 19.
Qf2 b6 20. Nd4 e5 21. Nxc6 Bxc6 22. fxe5 Bxg2 23. Qxg2 Bxe5 24. Qd5+ Kh8 25. Bh6 Rfe8 26. d4 Bxg3 27. Rxe8+ Rxe8 28. Rd2 1-0

[Event "Snabb-SM för veteraner, 50+ 2019"]
[Site "Schackcentrum, Vegagatan 20, Gothenburg, Sweden"]
[Date "2019.10.06"]
[Round "9.1"]
[White "Angskog, Kent"]
[Black "Svenn, Gosta"]
[Result "1/2-1/2"]
[TimeControl "15 minutes + 10 seconds per move from move one"]
[BlackTitle "FM"]
[WhiteFideId "1703668"]
[BlackFideId "1700553"]
[WhiteElo "2136"]
[BlackElo "2272"]

1. c4 e5 2. e3 d6 3. d4 Be7 4. Nc3 Nf6 5. Nf3 exd4 6. exd4 d5 7. cxd5 O-O 8. Bc4 Nbd7 9. O-O Nb6 10.
Qb3 Nxc4 11. Qxc4 a6 12. Ne5 b5 13. Qb3 Bb7 14. Nc6 Bxc6 15. dxc6 Qxd4 16. Be3 Qd6 17. Rac1 Qxc6 18. a4 Rab8 19.
axb5 axb5 20. Rfd1 Qc4 21. Qxc4 bxc4 22. Rc2 Rfd8 23. Rxd8+ Bxd8 24. h3 h6 25. Nd1 Nd5 26. Rxc4 Nxe3 27.
fxe3 Rb7 28. Kf2 Bf6 29. Rc2 Kf8 30. Ke2 Ke7 31. Kd3 Kd6 32. Nc3 Bxc3 33. Kxc3 Ke5 34. Kd3 Rb3+ 35. Ke2 Ke4 36.
Rc4+ Ke5 37. Rxc7 Rxb2+ 38. Kf3 Ke6 1/2-1/2

[Event "Snabb-SM för veteraner, 50+ 2019"]
[Site "Schackcentrum, Vegagatan 20, Gothenburg, Sweden"]
[Date "2019.10.06"]
[Round "9.2"]
[White "Borvander, Tom"]
[Black "Holst, Conny"]
[Result "0-1"]
[TimeControl "15 minutes + 10 seconds per move from move one"]
[WhiteFideId "1707388"]
[BlackFideId "1701428"]
[WhiteElo "2066"]
[BlackElo "2166"]

1. d4 Nf6 2. c4 e6 3. g3 Bb4+ 4.
Bd2 a5 5. Bg2 d6 6. e4 e5 7.
Ne2 O-O 8. O-O c6 9. a3 Bxd2 10. Qxd2 Qe7 11. Nbc3 Nbd7 12. h3 Re8 13. Rad1 a4 14. Qc2 exd4 15. Nxd4 Nc5 16. Nf5 Bxf5 17.
exf5 h5 18. Rd2 Nfd7 19. Qd1 Ne5 20.
Qxh5 Qf6 21. Rfd1 Nxc4 22. Rd4 Re1+ 23. Rxe1 Qxd4 24. Ne4 Nd3 25. Re2 f6 26. g4 Nf4 27. Nxf6+ Qxf6 28. Re8+ Rxe8 29.
Qxe8+ Kh7 30. Qe4 Qd4 31. Qe7 Nxg2 32.
Kxg2 Qd5+ 33. Kg1 Qe5 34. Qh4+ Kg8 35. Qd8+ Kf7 36. Qg5 d5 37. Qg6+ Kf8 38. g5 Nd6 39. f6 gxf6 40. gxf6 Qe1+ 41.
Kh2 Qxf2+ 42. Kh1 Qe1+ 43. Kh2 Qe2+ 44. Kg1 Qe6 45. Qg7+ Ke8 0-1

[Event "Snabb-SM för veteraner, 50+ 2019"]
[Site "Schackcentrum, Vegagatan 20, Gothenburg, Sweden"]
[Date "2019.10.06"]
[Round "9.3"]
[White "Svenn, Matti"]
[Black "Andersson, Johan"]
[Result "1-0"]
[TimeControl "15 minutes + 10 seconds per move from move one"]
[WhiteFideId "1705091"]
[BlackFideId "1703935"]
[WhiteElo "2195"]
[BlackElo "2152"]

1. e4 d6 2. d4 Nf6 3. Nc3 c6 4.
h3 e5 5.
Nf3 Qc7 6. a4 b6 7. Bc4 Be7 8. O-O O-O 9. Be3 Nbd7 10. Qe2 Bb7 11. Rfe1 a6 12. Ba2 b5 13. d5 b4 14. dxc6 Bxc6 15.
Nd5 Nxd5 16. Bxd5 Bxd5 17. exd5 f5 18. Bg5 Nf6 19. Nd4 exd4 20. Qxe7 Qxe7 21. Rxe7 Nxd5 22. Rd7 h6 23. Rxd6 hxg5 24.
Rxd5 Rad8 25. Rxd8 Rxd8 26. Rd1 a5 27. Kf1 Kf7 28. Ke2 Kf6 29.
Kd3 Re8 30. Rd2 Re4 31. Kc4 Ke6 32. g3 Ke5 33. Kb5 f4 34. gxf4 Kxf4 35. Kxa5 Kf3 36. Kxb4 1-0

[Event "Snabb-SM för veteraner, 50+ 2019"]
[Site "Schackcentrum, Vegagatan 20, Gothenburg, Sweden"]
[Date "2019.10.06"]
[Round "9.4"]
[White "Eriksson, Kristian"]
[Black "Naslund, Mikael"]
[Result "1-0"]
[TimeControl "15 minutes + 10 seconds per move from move one"]
[BlackTitle "FM"]
[WhiteFideId "1705172"]
[BlackFideId "1708260"]
[WhiteElo "2025"]
[BlackElo "2076"]

1. e4 c5 2. Nf3 Nc6 3. d4 cxd4 4.
Nxd4 Qb6 5. Nb3 Nf6 6. Nc3 e6 7. a3 Qc7 8. f4 d6 9. Bd3 Be7 10. O-O a6 11. Qf3 O-O 12. Bd2 Rb8 13.
Rae1 b5 14. Kh1 b4 15. axb4 Nxb4 16. e5 Nxd3 17. Qxd3 dxe5 18. fxe5 Nd7 19. Qg3 Kh8 20. Bg5 Bb4 21. Re4 f5 22.
Rh4 Rf7 23. Nd4 Nxe5 24. Bf4 Bd6 25. Re1 Nc4 26. Nxe6 Bxe6 27. Rxe6 Bxf4 28. Rxf4 Rff8 29. Nd5 Qd7 30. Re7 Qxe7 31.
Nxe7 Rxb2 32. h3 Nd6 33. Qc3 Rb1+ 34. Kh2 Ne4 35. Rxf5 1-0

[Event "Snabb-SM för veteraner, 50+ 2019"]
[Site "Schackcentrum, Vegagatan 20, Gothenburg, Sweden"]
[Date "2019.10.06"]
[Round "9.5"]
[White "Andreasson, Ingvar"]
[Black "Gamback, Bjorn"]
[Result "1-0"]
[TimeControl "15 minutes + 10 seconds per move from move one"]
[BlackTitle "CM"]
[WhiteFideId "1700294"]
[BlackFideId "1703161"]
[WhiteElo "2413"]
[BlackElo "2120"]

1. b3 e5 2. Bb2 d6 3. e3 f5 4. d4 Nc6 5.
Bb5 Bd7 6. Ne2 Nf6 7. O-O Be7 8. Bxc6 Bxc6 9. dxe5 dxe5 10. Bxe5 Be4 11. Nbc3 O-O 12. f3 Bc6 13. Nd4 Qd7 14.
Qe2 Bd6 15. Bxd6 Qxd6 16. Qc4+ Kh8 17. Nxf5 Qe5 18. e4 Rad8 19.
Rad1 Bd7 20. Qd4 Qa5 21. b4 Qa3 22. Qc4 Bxf5 23. exf5 c6 24. Ne4 Qe3+ 25. Kh1 Nd5 26. Qb3 Qxb3 27.
cxb3 Ne3 28. Rxd8 Rxd8 29. Re1 Nxf5 30. Kg1 Kg8 31. Re2 Rd4 32. Rd2 Rxb4 33. Rd7 a5 34. Nc5 b5 35. Kf2 a4 36. a3 Rd4 37. Rxd4 Nxd4 38. bxa4 bxa4 39. Nxa4 Nc2 40. Ke2 Nxa3 41. Kd3 Kf7 42.
Kd4 Ke7 43. Nc5 Kd6 44. Ne4+ Kd7 45. Ke5 Nc4+ 46. Kd4 Nb6 47. g4 Nd5 48. Ke5 Ke7 49. h4 Ne3 50. h5 h6 51. Nc5 Nc4+ 52. Kd4 Nd6 53. f4 Kf6 54.
Nd7+ Ke7 55. Ne5 Nb5+ 56. Kc5 Nc7 57. Nxc6+ Kf6 58. Kd4 Ne6+ 59. Ke4 Nc5+ 60. Ke3 Nd7 61. Nb4 Nf8 62. Nd5+ Ke6 63. Kd4 Nd7 64. Nc7+ Ke7 65. Ke4 Kf7 66. Kf5 Nc5 67. Nb5 Nd3 68. Nc3 Nb4 69. Nd1 Nd5 70. Nf2 Ke7 71. Ke4 Nf6+ 72.
Ke5 Nd7+ 73. Kf5 Kf7 74. Nd3 Nf8 75. Ne5+ Ke7 76. Ng6+ Kf7 77. Nxf8 Kxf8 78. Ke6 Ke8 79. f5 Kf8 80. f6 Kg8 81. Ke7 gxf6 82. Kxf6 Kh7 83. Kf7 Kh8 84. Kg6 Kg8 85. Kxh6 Kf7 86. Kg5 Kg7 87. Kf5 Kh6 88. Kf6 Kh7 89. g5 Kg8 90. g6 Kh8 91. g7+ Kg8 92. h6 Kh7 93. Kf7 Kxh6 94. g8=R Kh5 95. Kf6 Kh4 96. Kf5 Kh3 97. Kf4 Kh2 98. Kf3 Kh1 99. Rg7 1-0

[Event "Snabb-SM för veteraner, 50+ 2019"]
[Site "Schackcentrum, Vegagatan 20, Gothenburg, Sweden"]
[Date "2019.10.06"]
[Round "9.7"]
[White "Hautajarvi, Jukka"]
[Black "Bergre, Joachim"]
[Result "1/2-1/2"]
[TimeControl "15 minutes + 10 seconds per move from move one"]
[WhiteFideId "1716190"]
[BlackFideId "1704893"]
[WhiteElo "2145"]
[BlackElo "2035"]

1. e4 d5 2. Nc3 d4 3. Nce2 c5 4. d3 Nc6 5. g3 e5 6. Bg2 Be7 7. Nf3 Nf6 8. O-O O-O 9. Nh4 Rb8 10. f4 b5 11. fxe5 Nxe5 12.
Nf5 Bxf5 13. Rxf5 Nfd7 14. a4 a6 15. axb5 axb5 16. Rf1 Nb6 17. Nf4 c4 18. Bd2 Bc5 19. Qe2 Qd6 20. Ra6 Ra8 21.
Rfa1 Rxa6 22. Rxa6 Ra8 23. Rxa8+ Nxa8 24. Nd5 Nb6 25. Nxb6 Bxb6 26. Kf1 Qc6 27. Bf4 f6 28. Bh3 cxd3 29.
cxd3 b4 30. b3 g6 31. Kg2 Kg7 32. Bxe5 fxe5 33. Qd1 Bd8 34. Bg4 Bg5 35. h4 Be3 36. Kh3 Qc3 37. Be6 Qb2 38. Qf3 Qf2 39.
Qxf2 Bxf2 1/2-1/2

[Event "Snabb-SM för veteraner, 50+ 2019"]
[Site "Schackcentrum, Vegagatan 20, Gothenburg, Sweden"]
[Date "2019.10.06"]
[Round "9.8"]
[White "Madebrink, Lars"]
[Black "Karlsson, Ulf"]
[Result "1-0"]
[TimeControl "15 minutes + 10 seconds per move from move one"]
[WhiteFideId "1701347"]
[BlackFideId "1721674"]
[WhiteElo "2179"]
[BlackElo "2035"]

1. e4 c5 2. Nf3 Nc6 3. c3 g6 4. d4 cxd4 5. cxd4 d5 6.
exd5 Qxd5 7. Nc3 Qd8 8. d5 Nb8 9. Bf4 Bg7 10. Bc4 Nf6 11. O-O O-O 12. Re1 Bg4 13. h3 Bxf3 14. Qxf3 Nbd7 15. Rad1 Rc8 16. Bb3 Nc5 17.
Bc2 a6 18. Be5 Ncd7 19. Bd4 Re8 20. b4 b5 21. Bb3 Nb6 22. d6 Qxd6 23. Ne4 Qb8 24. Bc5 Nc4 25. Bxe7 Nxe4 26. Rxe4 Qa8 27.
Rd7 f5 28. Re1 Qxf3 29. gxf3 Kh8 30. Red1 Ne5 31. Ra7 Nxf3+ 32. Kg2 Nd4 33. Bf7 Nc6 34. Bxe8 Nxa7 35. Bd7 Rc7 36. Bc5 h6 37.
Be6 Bf6 38. Rd7 Be5 39. Rxc7 Bxc7 40. Bxa7 1-0

[Event "Snabb-SM för veteraner, 50+ 2019"]
[Site "Schackcentrum, Vegagatan 20, Gothenburg, Sweden"]
[Date "2019.10.06"]
[Round "9.9"]
[White "Wesslen, Ulf"]
[Black "Skulason, Johann"]
[Result "1-0"]
[TimeControl "15 minutes + 10 seconds per move from move one"]
[WhiteFideId "1705199"]
[BlackFideId "1733915"]
[WhiteElo "1971"]
[BlackElo "1839"]

1. d4 f5 2. c4 Nf6 3. Nf3 e6 4. g3 Be7 5. Bg2 O-O 6. O-O Ne4 7. Nbd2 d5 8. Ne5 Nd7 9. Ndf3 c6 10.
Qc2 Ndf6 11. b3 Bd7 12. Nd3 Rc8 13. Nfe5 c5 14. f3 dxc4 15. bxc4 Nd6 16. Nxc5 b6 17. Nexd7 Nxd7 18. Nxe6 Qe8 19.
Nxf8 Rxc4 20. Qb3 Kxf8 21. e3 a5 22. Qd3 Qc8 23. Bb2 b5 24. Rac1 g6 25. e4 Nb6 26. d5 Na4 27. Ba1 Rxc1 28.
Qd4 Rxf1+ 29. Bxf1 Qc5 30. e5 Qxd4+ 31. Bxd4 Nc4 32. d6 Nxd6 33. exd6 Bxd6 34. Bxb5 Nc5 35. Kf2 Ke7 36. Ke3 Ne6 37. Bb6 Bc7 38. Bxc7 Nxc7 39. Bc4 Kf6 40. Kd4 h5 41.
f4 g5 42. fxg5+ Kxg5 43. Ke5 Ne8 44. Be2 Nc7 45. h4 Kh6 46. Kxf5 a4 47. Ke5 a3 48. Kd6 Ne8+ 49. Kc5 Nf6 50.
Bd3 Nd7+ 51. Kb4 Ne5 52. Be2 Nc6+ 53.
Kxa3 Nd4 54. Bd1 Nf5 55. g4 hxg4 56.
Bxg4 Ne3 57. Be2 Nc2+ 58. Kb2 Nb4 59. a3 Nc6 60. Kc3 Kg6 61. Kc4 Kf6 62. Kd5 Ne7+ 63. Kc5 Nf5 64. h5 Kg5 1-0